 Dungeon Crawl Stone Soup version 0.31-a0-867-g9b2fd80f0c (webtiles) character file.

Game seed: 9680826507867145462

83 Nedwor the Cutter (level 4, -4/35 HPs)
             Began as a Demonspawn Gladiator on Oct 10, 2023.
             Killed from afar by a steam dragon (17 damage)
             ... with a ball of steam
             ... on level 3 of the Dungeon on Oct 11, 2023.
             The game lasted 00:02:13 (1502 turns).

Nedwor the Cutter (Demonspawn Gladiator)            Turns: 1502, Time: 00:02:13

Health: -4/35      AC:  5    Str: 14    XL:     4   Next: 22%
Magic:  4/4        EV: 12    Int: 10    God:
Gold:   131        SH:  0    Dex: 16    Spells: 3/3 levels left

rFire   . . .        a - +0 rapier
rCold   . . .        (no shield)
rNeg    . . .        b - +0 leather armour
rPois   .            c - +0 helmet
rElec   .            (no cloak)
rCorr   .            (no gloves)
SInv    .            (no boots)
Will    .....        (no amulet)
Stlth   +            (no ring)
HPRegen 0.25/turn    (no ring)
MPRegen 0.09/turn

%: no passive effects
@: no status effects
A: claws 1, rugged brown scales 1
a: no special abilities


You were on level 3 of the Dungeon.
You visited 1 branch of the dungeon, and saw 3 of its levels.

You collected 131 gold pieces.

Inventory:

Hand Weapons
 a - a +0 rapier (weapon)
Missiles
 d - 3 throwing nets (quivered)
 e - a javelin
Armour
 b - a +0 leather armour (worn)
 c - a +0 helmet (worn)
Jewellery
 h - a ring of wizardry
Scrolls
 f - a scroll of fear {unknown}
 g - a scroll of revelation {unknown}
 l - a scroll of blinking {unknown}
 m - a scroll of acquirement {unknown}
Potions
 i - a potion of might {unknown}
 j - a potion of degeneration {unknown}
 k - a potion of mutation {unknown}


   Skills:
 + Level 2.8 Fighting
 * Level 3.8 Short Blades
 - Level 1.7 Throwing
 + Level 3.2 Dodging


You had 3 spell levels left.
You didn't know any spells.
Your spell library was empty.

Dungeon Overview and Level Annotations

Branches:
Dungeon (3/15)

Altars:

Shops:
D:1 [


Innate Abilities, Weirdness & Mutations

You have sharp fingernails.
You are partially covered in rugged brown scales. (AC +1, +3% HP)


Message History

The kobold barely misses you.
You hit the steam dragon.
The steam dragon is moderately wounded.
The steam dragon barely misses you. x2; The kobold barely misses you.
You puncture the steam dragon!
The steam dragon is heavily wounded.
The steam dragon misses you. The steam dragon barely misses you.
The kobold barely misses you.
You closely miss the steam dragon.
The steam dragon is heavily wounded.
The steam dragon breathes steam at you. The ball of steam misses you.
The kobold barely misses you.
You closely miss the steam dragon.
The steam dragon is heavily wounded.
You are engulfed in a cloud of scalding steam.
The steam dragon bites you.
The steam dragon claws you but does no damage.
The kobold closely misses you.
You hit the steam dragon but do no damage.
The steam dragon is heavily wounded.
You are engulfed in a cloud of scalding steam.
The steam dragon bites you. The steam dragon claws you. The kobold misses you.
You are too injured to fight recklessly!
You are too injured to fight recklessly!
You are too injured to fight recklessly!
You are too injured to fight recklessly!
You are too injured to fight recklessly!
You are too injured to fight recklessly!
You are too injured to fight recklessly!
You are too injured to fight recklessly!
You are too injured to fight recklessly!
You are too injured to fight recklessly!
You are too injured to fight recklessly!
You are too injured to fight recklessly!
You hit the steam dragon but do no damage.
The steam dragon is heavily wounded.
You are engulfed in a cloud of scalding steam.
The steam dragon breathes steam at you. The ball of steam hits you!
You die...

...# #..# #..####
#...... #..##.#
#..##.#
...########..##.######
......D@.§§....<.....+
......K.§...§##.######
###........#....#
#........#.#..#
##########.......
..##..... ..##.##..
...+... . .[.# ##


You could see a steam dragon (catching breath) and a kobold.

Vanquished Creatures
  Natasha (D:2)
  2 adders (D:2)
  A worm (D:2)
  2 bats (D:1)
  3 endoplasms
  A giant cockroach (D:2)
  2 goblins (D:1)
  A hobgoblin (D:1)
  7 jackals
  5 kobolds
  5 ball pythons
  3 frilled lizards
  5 rats
38 creatures vanquished.

Notes
Turn   | Place    | Note
-------+----------+-------------------------------------------
     0 | D:1      | Nedwor the Demonspawn Gladiator began the quest for the
                  | Orb.
     0 | D:1      | Reached XP level 1. HP: 16/16 MP: 1/1
    99 | D:1      | Found Wudeliac's Armour Shoppe.
    99 | D:1      | Noticed an animated pearl dragon scales
   101 | D:1      | Noticed an animated gold dragon scales
   200 | D:1      | Gained mutation: You are partially covered in rugged brown
                  | scales. (AC +1, +3% HP) [demonic ancestry]
   200 | D:1      | Reached XP level 2. HP: 16/22 MP: 2/2
   963 | D:2      | Gained mutation: You have sharp fingernails. [demonic
                  | ancestry]
   963 | D:2      | Reached XP level 3. HP: 28/28 MP: 3/3
   999 | D:2      | Upgraded the game from 0.31-a0-859-g9dce7d3444 to
                  | 0.31-a0-867-g9b2fd80f0c
  1026 | D:2      | Noticed Natasha
  1035 | D:2      | Killed Natasha
  1194 | D:2      | Reached XP level 4. HP: 35/35 MP: 4/4
  1489 | D:3      | Noticed a steam dragon
  1502 | D:3      | Killed from afar by a steam dragon

Illustrated notes

Levels and vault maps discovered:
D:1:      saegor_arrival_fortress, layout_basic, serial_shops,
          nicolae_shop_mannequins
D:2:      layout_basic, dilly_ecumenical_altar_fadedgnrine,
          chequers_mini_garden, uniq_natasha
D:3:      layout_basic, nicolae_ru_path_of_blood, uniq_grinder

Skill      XL: |  1  2 |
---------------+-------+-----
Short Blades   | 3 |  3.8
Dodging        | 3 |  3.2
Fighting       | |  2.8
Throwing       | |  1.7

Action                     |  1- 3 |  4- 6 || total
---------------------------+-------+-------++-------
  Melee: Rapier            |   113 |    34 ||   147
         Punch             |     1 |       ||     1
   Stab: Sleeping          |     1 |       ||     1
 Armour: Leather armour    |    83 |    30 ||   113
  Dodge: Dodged            |    86 |    28 ||   114

Table legend: (Time is in decaauts)
 A = Elapsed time spent in this place.
 B = Non-inter-level travel time spent in this place.
 C = Inter-level travel time spent in this place.
 D = Time resting spent in this place.
 E = Time spent auto-exploring this place.
 F = Levels seen in this place.
 G = Mean time per level.
                   A        B        C        D        E       F      G
               +--------+--------+--------+--------+--------+-----+--------+
         Total |   1507 |   1336 |    171 |     89 |    967 |   3 |  502.3 |
       Dungeon |   1507 |   1336 |    171 |     89 |    967 |   3 |  502.3 |
               +--------+--------+--------+--------+--------+-----+--------+

Top non-repeatable levels by time:
     D:1: 954 daAuts
     D:2: 529 daAuts
     D:3: 23 daAuts
